 Dungeon Crawl Stone Soup version 0.27.0-1-g7a089689b8 (webtiles) character file.

Game seed: 4324800698096801996

15910 rogsnak the Destroyer (level 12, -3/103 HPs)
             Began as a Naga Fire Elementalist on Aug 14, 2021.
             Was a Follower of Sif Muna.
             Shot with an arrow by a centaur warrior (11 damage)
             ... on level 12 of the Dungeon on Aug 15, 2021.
             The game lasted 00:35:20 (13388 turns).

rogsnak the Destroyer (Naga Fire Elementalist)     Turns: 13388, Time: 00:35:21

Health: -3/103     AC: 12    Str: 11    XL:     12   Next: 32%
Magic:  2/24       EV: 11    Int: 29    God:    Sif Muna [*.....]
Gold:   644        SH:  0    Dex: 12    Spells: 9/28 levels left

rFire    . . .     SeeInvis +   J - +10 battleaxe of Action {drain, +Rage rPois Will- Int+9}
rCold    . . .     Faith    +   (shield currently unavailable)
rNeg     . . .     Spirit   .   P - +1 robe {Archmagi}
rPois    +         Reflect  .   L - +1 helmet
rElec    .         Harm     .   x - +0 cloak
rCorr    .         Rampage  .   j - +2 pair of gloves
Will     .....     Archmagi +   (no barding)
Stlth    ++........             S - amulet of faith
HPRegen  0.27/turn              t - ring of fire
MPRegen  0.19/turn              c - ring of ice

@: marked, spiked, very slow
A: AC +4, large, see invisible, deformed body, poison resistance, slowness 2,
spit poison 1, naga tail 1
a: Spit Poison, Renounce Religion, Evoke Berserk Rage, Channel Magic


You were on level 12 of the Dungeon.
You worshipped Sif Muna.
Sif Muna was aware of your devotion.
You visited 2 branches of the dungeon, and saw 13 of its levels.

You collected 644 gold pieces.

Inventory:

Hand Weapons
 I - a +1 scimitar of flaming
 J - the +10 battleaxe of Action (weapon) {drain, +Rage rPois Will- Int+9}
   (You found it on level 6 of the Dungeon)

   A truly terrible weapon, it drains the life of any living foe it strikes.
   Int:       It affects your intelligence (+9).
   rPois:     It protects you from poison.
   +Rage:     It lets you go berserk.
   Will:      It decreases your willpower.
Missiles
 g - 24 poisoned darts (quivered)
 h - a curare-tipped dart
 p - 3 javelins
 K - a throwing net
 N - 3 boomerangs
Armour
 j - a +2 pair of gloves (worn)
 x - a +0 cloak (worn)
 B - a +2 chain mail of willpower
 F - +0 steam dragon scales
 L - a +1 helmet (worn)
 P - a +1 robe of the Archmagi (worn)
 T - a +0 buckler
Jewellery
 c - a ring of ice (right hand)
 o - an amulet of guardian spirit
 q - an amulet of the acrobat
 t - a ring of fire (left hand)
 M - a +4 ring of evasion
 S - an amulet of faith (around neck)
Wands
 d - a wand of polymorph (10)
 r - a wand of iceblast (13)
 H - a wand of mindburst (8)
 O - a wand of charming (8)
Scrolls
 a - 2 scrolls of vulnerability {unknown}
 e - a scroll of brand weapon {unknown}
 f - 8 scrolls of identify {unknown}
 m - a scroll of enchant weapon {unknown}
 n - 3 scrolls of blinking {unknown}
 s - 5 scrolls of teleportation {unknown}
 u - 2 scrolls of immolation {unknown}
 y - 2 scrolls of enchant armour {unknown}
 A - 2 scrolls of noise {unknown}
 D - 3 scrolls of magic mapping {unknown}
 R - a scroll of amnesia {unknown}
Potions
 b - 6 potions of curing
 i - a potion of brilliance {unknown}
 k - 2 potions of berserk rage {unknown}
 l - a potion of invisibility {unknown}
 v - 2 potions of degeneration {unknown}
 w - 3 potions of heal wounds {unknown}
 z - 2 potions of magic {unknown}
 C - a potion of might {unknown}
 E - 2 potions of attraction {unknown}
 G - 3 potions of flight {unknown}
 Q - 2 potions of haste {unknown}


   Skills:
 + Level 5.0 Fighting
 + Level 2.8 Axes
 - Level 0.3 Throwing
 + Level 4.0 Dodging
 - Level 3.0 Stealth
 + Level 8.8 Spellcasting
 * Level 11.8 Conjurations
 + Level 3.9 Summonings
 + Level 9.3 Fire Magic
 * Level 3.5 Earth Magic
 + Level 0.1 Evocations


You had 9 spell levels left.
You knew the following spells:

 Your Spells              Type           Power      Damage    Failure   Level
a - Foxfire               Conj/Fire      100%       2x1d9     1%          1
b - Sticky Flame          Conj/Fire      100%       2d11      1%          4
c - Fireball              Conj/Fire      52%        3d20      1%          5
d - Summon Ice Beast      Ice/Summ       53%        N/A       19%         4
e - Bolt of Magma         Conj/Fire/Erth 47%        4d19      4%          5

Your spell library contained the following spells:

 Spells                   Type           Power      Damage    Failure   Level
 Summon Small Mammal      Summ           100%       N/A       1%          1
 Conjure Flame            Conj/Fire      100%       6-21      1%          3
 Inner Flame              Hex/Fire       74%        N/A       1%          3
 Call Canine Familiar     Summ           52%        N/A       2%          3
 Mephitic Cloud           Conj/Pois/Air  52%        N/A       2%          3
 Ignite Poison            Fire/Tmut/Pois 62%        N/A       3%          3
 Beastly Appendage        Tmut           38%        N/A       4%          1
 Summon Guardian Golem    Hex/Summ       36%        N/A       5%          3
 Wereblood                Tmut           19%        N/A       6%          2
 Frozen Ramparts          Ice            56%        1d7       13%         3
 Ozocubu's Armour         Ice            28%        N/A       13%         3
 Spider Form              Tmut/Pois      9%         N/A       13%         3
 Petrify                  Tmut/Erth      34%        N/A       21%         4
 Orb of Destruction       Conj           44%        9d14      28%         7
 Ice Form                 Ice/Tmut       28%        N/A       38%         4
 Passage of Golubria      Tloc           N/A        N/A       38%         4
 Metabolic Englaciation   Hex/Ice        14%        N/A       75%         5
 Silence                  Hex/Air        9%         N/A       75%         5
 Spellforged Servitor     Conj/Summ      36%        N/A       80%         7
 Statue Form              Tmut/Erth      22%        N/A       97%         6
 Simulacrum               Ice/Necr       14%        N/A       100%        6
 Lehudib's Crystal Spear  Conj/Erth      36%        10d9      100%        8


Dungeon Overview and Level Annotations

Branches:
Dungeon (12/15)            Temple (1/1) D:5            Lair (0/6) D:8
    Orc: D:9-12

Altars:
Ashenzari
Cheibriados
Dithmenos
Elyvilon
Fedhas
Gozag
Hepliaklqana
Kikubaaqudgha
Makhleb
Nemelex Xobeh
Okawaru
Qazlal
Ru
Sif Muna
Trog
Uskayaw
Vehumet
Wu Jian
Xom
Yredelemnul
Zin
The Shining One

Shops:
D:5 :

Annotations:
D:9 wall cache


Innate Abilities, Weirdness & Mutations

Your serpentine skin is tough. (AC +4)
You have supernaturally acute eyesight. (SInv)
Armour fits poorly on your strangely shaped body.
Your system is resistant to poisons. (rPois)
You cover ground very slowly.
You can spit poison.
You have a snake-like lower body.


Message History

There is an open door, spattered with blood here.
Unknown command.
It was a potion of curing.
You feel better.
The vampire burns!
The vampire completely misses you.
The vampire bites you but does no damage.
The manticore flicks its tail.
The volley of spikes misses you.
Unknown command.
The barbs in your skin will harm you if you move.
Continue? [Y]es or [N]o only, please.
The barbs in your skin will harm you if you move.
Continue?
The barbed spikes dig painfully into your body as you move.
The vampire burns!
You destroy the vampire!
Sif Muna accepts your kill.
A centaur warrior comes into view. It is wielding a +0 whip.
The barbed spikes dig painfully into your body as you move.
The centaur wields a +0 shortbow.
The centaur shoots an arrow.
The arrow closely misses you.
A two-headed ogre comes into view. It is wielding two +0 giant clubs.
A manticore comes into view.
The barbed spikes dig painfully into your body as you move.
The manticore flicks its tail.
The volley of spikes hits you.
The barbed spikes become lodged in your body.
The rakshasa gestures at you. The lance of force hits you!!
You are knocked back by the lance of force.
You slam into the rock wall!
* * * LOW HITPOINT WARNING * * *
The centaur shoots an arrow.
The arrow closely misses you.
The manticore flicks its tail.
The volley of spikes hits you!
The barbed spikes become lodged in your body.
* * * LOW HITPOINT WARNING * * *
There is a stone staircase leading up here.
The rakshasa completely misses you.
The centaur warrior unwields a +0 whip.
The centaur warrior wields a +0 shortbow.
The centaur warrior shoots an arrow.
The arrow hits you!
You die...

#....#.........#
#....#.........#
#....###'##....+
#....#..H.# $..#
#...##...######
######...##..c#...##..
#........)#.Hc'.......
#..>......O.R.#.......
######..###..@###.###.
##'# ##### #
...............
.........V)....
...............
...............
...............
.###..#######.. ### ..


You could see a rakshasa, a centaur warrior, a two-headed ogre, 2 manticores and
a centaur.

Vanquished Creatures
  2 boulder beetles
  2 hydras
  3 two-headed ogres
  Erica (D:9)
  Nergalle (D:11)
  A cyclops (D:9)
  5 centaur zombies
  A troll (D:12)
  2 wraiths
  A shadow (D:10)
  Sigmund (D:3)
  Eustachio (D:6)
  3 vampires
  A wyvern (D:10)
  14 yaks
  3 steam dragons
  Menkaure (D:5)
  An acid dragon (D:10)
  2 water moccasins
  Duvessa (D:6)
  8 orc warriors
  2 necrophages
  8 ogres
  A centaur (D:9)
  A phantom (D:7)
  A kobold brigand (D:7)
  4 bullfrogs
  A gnoll sergeant (D:6)
  A scorpion (D:6)
  Dowan (D:6)
  A wyvern skeleton (D:4)
  A water moccasin skeleton (D:5)
  A killer bee (D:6)
  7 wights (D:9)
  2 howler monkeys
  2 jellies
  9 orc priests
  2 hounds
  A bullfrog skeleton (D:6)
  2 gnoll shamans
  4 iguanas
  Ijyb (D:5)
  7 orc wizards
  A hound zombie (D:5)
  15 gnolls
  9 adders
  A shadow imp (D:6)
  An ufetubus (D:6)
  A worm (D:2)
  A dart slug (D:5)
  35 orcs
  5 ball pythons
  4 endoplasms
  A giant cockroach (D:2)
  5 goblins
  2 hobgoblins
  9 jackals
  7 kobolds
  A quokka (D:3)
  A bat (D:1)
  3 frilled lizards
  4 rats
221 creatures vanquished.

Vanquished Creatures (collateral kills)
  8 foxfires
8 creatures vanquished.

Vanquished Creatures (others)
  498 foxfires
  15 fungi (D:7)
  7 plants
  7 withered plants (D:2)
527 creatures vanquished.

Grand Total: 756 creatures vanquished

Notes
Turn   | Place    | Note
-------+----------+-------------------------------------------
     0 | D:1      | rogsnak the Naga Fire Elementalist began the quest for the
                  | Orb.
     0 | D:1      | Reached XP level 1. HP: 15/15 MP: 3/3
   250 | D:1      | Reached XP level 2. HP: 22/22 MP: 0/5
  1010 | D:2      | Reached XP level 3. HP: 26/28 MP: 6/6
  1232 | D:2      | Found a faded altar of an unknown god.
  1945 | D:3      | Noticed Sigmund
  2012 | D:3      | Reached skill level 2 in Conjurations
  2023 | D:3      | Found a hazy altar of Hepliaklqana.
  2067 | D:3      | Reached XP level 4. HP: 36/36 MP: 2/7
  2285 | D:3      | Found a sparkling altar of Nemelex Xobeh.
  2442 | D:3      | Learned a level 4 spell: Sticky Flame
  2671 | D:3      | Killed Sigmund
  2672 | D:3      | Reached skill level 3 in Conjurations
  2672 | D:3      | Reached XP level 5. HP: 30/42 MP: 3/9
  2977 | D:4      | Reached XP level 6. HP: 49/49 MP: 8/11
  3207 | D:4      | Reached skill level 4 in Conjurations
  3251 | D:4      | Found a shimmering altar of Xom.
  3740 | D:4      | Reached XP level 7. HP: 55/55 MP: 6/12
  3895 | D:5      | Entered Level 5 of the Dungeon
  3895 | D:5      | Found a basalt altar of Yredelemnul.
  4059 | D:5      | Found Imenu's Book Emporium.
  4097 | D:5      | Found a staircase to the Ecumenical Temple.
  4122 | D:5      | Reached skill level 5 in Fire Magic
  4305 | D:5      | Reached skill level 5 in Conjurations
  4308 | D:5      | Noticed Menkaure
  4319 | D:5      | Killed Menkaure
  4327 | Temple   | Entered the Ecumenical Temple
  4746 | D:5      | Noticed Ijyb
  4846 | D:5      | Reached skill level 1 in Fighting
  4846 | D:5      | Reached XP level 8. HP: 64/64 MP: 8/14
  4885 | D:5      | Learned a level 5 spell: Fireball
  5338 | D:5      | Killed Ijyb
  5339 | D:5      | Reached skill level 6 in Conjurations
  5362 | D:6      | Noticed a boulder beetle
  5374 | D:6      | Killed a boulder beetle
  5375 | D:6      | Reached skill level 5 in Spellcasting
  5375 | D:6      | Reached skill level 7 in Conjurations
  5375 | D:6      | Reached XP level 9. HP: 28/73 MP: 5/17
  5963 | D:6      | Noticed Duvessa
  6091 | D:6      | Killed Duvessa
  6099 | D:6      | Noticed Dowan
  6237 | D:6      | Killed Dowan
  6273 | D:6      | Reached skill level 8 in Conjurations
  6553 | D:6      | Noticed Eustachio
  6560 | D:6      | Killed Eustachio
  6853 | D:6      | Found an ancient bone altar of Kikubaaqudgha.
  7002 | D:6      | Identified the +10 battleaxe of Action {drain, +Rage rPois
                  | Will- Int+9}
  7599 | D:7      | Reached skill level 9 in Conjurations
  7608 | D:7      | Reached XP level 10. HP: 57/80 MP: 16/20
  7821 | D:7      | Found a burning altar of Makhleb.
  8122 | D:7      | Learned a level 4 spell: Summon Ice Beast
  8157 | D:7      | Found a bloodstained altar of Trog.
  8540 | D:8      | Noticed a boulder beetle
  8548 | D:8      | Noticed an eight-headed hydra
  8552 | D:8      | Killed an eight-headed hydra
  8553 | D:8      | Reached skill level 1 in Summonings
  8659 | D:8      | Killed a boulder beetle
  8951 | D:8      | Reached skill level 10 in Conjurations
  8964 | D:8      | Found a staircase to the Lair.
  9133 | D:8      | Reached XP level 11. HP: 68/92 MP: 6/22
  9514 | D:9      | Noticed a cyclops
  9524 | D:9      | Killed a cyclops
 10396 | D:9      | Noticed Erica
 10401 | D:9      | Killed Erica
 10694 | D:9      | Found a shimmering blue altar of Sif Muna.
 10698 | D:9      | Became a worshipper of Sif Muna the Loreminder
 10760 | D:10     | Entered Level 10 of the Dungeon
 10829 | D:10     | Found a hide-covered altar of Uskayaw.
 11046 | D:10     | Learned a level 5 spell: Bolt of Magma
 11493 | D:10     | Reached skill level 11 in Conjurations
 11859 | D:10     | Reached skill level 1 in Earth Magic
 12610 | D:11     | Noticed a two-headed ogre
 12615 | D:11     | Killed a two-headed ogre
 12616 | D:11     | Reached skill level 1 in Axes
 12636 | D:11     | Noticed a two-headed ogre
 12665 | D:11     | Killed a two-headed ogre
 12666 | D:11     | Reached XP level 12. HP: 100/100 MP: 12/24
 12793 | D:11     | Reached * piety under Sif Muna
 13142 | D:11     | Noticed Nergalle
 13148 | D:11     | Killed Nergalle
 13271 | D:12     | Noticed a two-headed ogre
 13359 | D:12     | Killed a two-headed ogre
 13376 | D:12     | Noticed a six-headed hydra
 13380 | D:12     | Killed a six-headed hydra
 13381 | D:12     | Reached skill level 5 in Fighting
 13383 | D:12     | Noticed a rakshasa
 13385 | D:12     | Noticed a centaur warrior
 13386 | D:12     | Noticed a two-headed ogre
 13388 | D:12     | Shot with an arrow by a centaur warrior

Illustrated notes

Levels and vault maps discovered:
D:1:      roderic_crossed_star, layout_basic
D:2:      layout_loops_ring, shapermc_ecumenical_altar_flowoftime
D:3:      layout_basic, nicolae_hepliaklqana_hazy_memory,
          mainiacjoe_overflow_alcove_2, eino_curves_02, grunt_ministairs_14,
          uniq_sigmund
D:4:      layout_cave_pods, xom_teletrap_fun, eino_small_chamber_without_monster
D:5:      cheibrodos_helix_gallery, layout_rooms, yredelemnul_altar_generic,
          minmay_temple_entry_trees, serial_shops, shop, uniq_menkaure,
          uniq_ijyb
D:6:      minmay_recursive_quarters, layout_basic,
          mainiacjoe_overflow_surrounded_room, uniq_duvessa, uniq_eustachio
D:7:      layout_loops_ring, trog_antimagical, mainiacjoe_overflow_chevrons
D:8:      layout_basic, lair_entry_dummy, minmay_three_doors
D:9:      layout_basic, nicolae_sif_muna_little_library, uniq_erica
D:10:     layout_layer_cave, nicolae_uskayaw_murder_on_the_dancefloor,
          st_stairs_8
D:11:     layout_roguey [special_room_orc], uniq_nergalle
D:12:     layout_gridville, david_orc_5, hangedman_abyss_or_decor_passed,
          minivault_28
Temple:   nicolae_temple_figure_eight

Skill      XL: |  1  2  3  4  5  6  7  8  9 10 11 12 |
---------------+-------------------------------------+-----
Conjurations   | 2 3 4 5 7 9 10 11 | 11.8
Spellcasting   | 3 4 5 6 7 8 |  8.8
Fire Magic     | 4 5 6 7 8 9 |  9.3
Dodging        | 2 3 4 |  4.0
Fighting       | 1 2 4 5 |  5.0
Summonings     | 2 3 |  3.9
Earth Magic    | 2 3 |  3.5
Axes           | 1 2 |  2.8
Throwing       | |  0.3
Stealth        | |  3.0
Evocations     | |  0.1

Action                   |  1- 3 |  4- 6 |  7- 9 | 10-12 || total
-------------------------+-------+-------+-------+-------++-------
Melee: Short sword       |     6 |     3 |    44 |       ||    53
       Battleaxe         |       |       |    23 |   101 ||   124
       Scimitar          |       |       |     5 |       ||     5
Throw: Dart              |       |     5 |       |       ||     5
 Cast: Foxfire           |    55 |    33 |   108 |   112 ||   308
       Sticky Flame      |       |     2 |    16 |    37 ||    55
       Fireball          |       |       |       |    36 ||    36
 Abil: Spit Poison       |     1 |     1 |     8 |     8 ||    18
Evoke: Wand              |       |       |     2 |       ||     2
  Use: Potion            |       |       |       |     1 ||     1
 Stab: Sleeping          |     2 |       |     3 |     1 ||     6
Armor: Robe              |       |     1 |    13 |    49 ||    63
       Steam dragon scal |       |       |    10 |    40 ||    50
Dodge: Dodged            |    10 |     8 |    58 |    92 ||   168
       Rpst.: Scimitar   |       |       |     1 |       ||     1
